 Dungeon Crawl Stone Soup version 0.30.0-5-g1a98f26d00 (webtiles) character file.

Game seed: 13787677594319447149

145 Gabide the Trooper (level 5, 0/55 HPs)
             Began as an Ogre Gladiator on May 11, 2023.
             Slain by a scorpion (4 damage)
             ... on level 2 of the Dungeon.
             The game lasted 00:03:16 (1748 turns).

Gabide the Trooper (Ogre Gladiator)                 Turns: 1748, Time: 00:03:16

Health: 0/55       AC:  3    Str: 20    XL:     5   Next: 27%
Magic:  5/5        EV: 10    Int: 15    God:
Gold:   95         SH:  0    Dex: 10    Spells: 4/4 levels left

rFire   . . .        a - +0 flail
rCold   . . .        (no shield)
rNeg    . . .        b - +0 robe
rPois   .            c - +0 hat
rElec   .            (no cloak)
rCorr   .            (gloves unavailable)
SInv    .            (boots unavailable)
Will    +....        l - amulet of magic regeneration
Stlth   +            g - ring of willpower
HPRegen 0.29/turn    d - +6 ring of intelligence
MPRegen 0.49/turn

%: no passive effects
@: lethally poisoned (0 -> -6), invisible
A: large, unfitting armour, tough skin 1
a: no special abilities


You were on level 2 of the Dungeon.
You visited 1 branch of the dungeon, and saw 2 of its levels.

You collected 95 gold pieces.

Inventory:

Hand Weapons
 a - a +0 flail (weapon)
Armour
 b - a +0 robe (worn)
 c - a +0 hat (worn)
Jewellery
 d - a +6 ring of intelligence (right hand)
 g - a ring of willpower (left hand)
 l - an amulet of magic regeneration (around neck)
Scrolls
 j - a scroll of immolation {unknown}
 k - a scroll of torment {unknown}
 m - 2 scrolls of identify
 n - a scroll of blinking {unknown}
Potions
 f - a potion of brilliance
 i - a potion of flight


   Skills:
 * Level 4.9 Fighting
 * Level 3.9 Maces & Flails
 - Level 2.0 Throwing
 + Level 3.3 Dodging


You had 4 spell levels left.
You didn't know any spells.
Your spell library contained the following spells:

 Spells                   Type           Power      Damage    Failure   Level
 Freeze                   Ice            0%         1d3       26%         1
 Frozen Ramparts          Ice            0%         1d1       63%         3
 Hailstorm                Conj/Ice       0%         3d3       63%         3


Dungeon Overview and Level Annotations

Branches:
Dungeon (2/15)

Altars:
Uskayaw


Innate Abilities, Weirdness & Mutations

You are too large for most types of armour.
You have tough skin. (AC +1)


Message History

You feel sick. The scorpion stings you.
You closely miss the scorpion.
The scorpion is heavily wounded.
You feel sick. The scorpion misses you.
You hit the scorpion but do no damage.
The scorpion is heavily wounded.
You feel sick. The scorpion stings you.
You are more poisoned.
The scorpion poisons you! The scorpion barely misses you.
You hit the scorpion but do no damage.
The scorpion is heavily wounded.
You feel very sick. The scorpion barely misses you.
You barely miss the scorpion.
The scorpion is heavily wounded.
You feel sick. The scorpion barely misses you.
The scorpion completely misses you.
You hit the scorpion.
The scorpion is almost dead.
You feel sick.
The scorpion stings you but does no damage.
You barely miss the scorpion.
The scorpion is almost dead.
You feel sick. The scorpion closely misses you. The scorpion stings you.
* * * LOW HITPOINT WARNING * * *
You hit the scorpion.
The scorpion is almost dead.
You feel sick. The scorpion stings you.
* * * LOW HITPOINT WARNING * * *
You are lethally poisoned!
The scorpion poisons you!
It was a potion of invisibility.
You fade into invisibility!
* * * LOW HITPOINT WARNING * * *
You feel sick. The scorpion barely misses you.
You closely miss the scorpion.
The scorpion is almost dead.
* * * LOW HITPOINT WARNING * * *
You feel sick. The scorpion stings you.
You die...

#.# #.# #(#
#.# #.#
######### #.#
.......># #s#
#.#####.# #@#
#.#
##.########.#
#.#
#...........#
#)#
#..##########
#'####..#
....)...#
...####.#
...# #.# ...#
#.#


You could see a scorpion (unable to see you).

Vanquished Creatures
  2 orc wizards (D:2)
  4 adders (D:2)
  A worm (D:2)
  A dart slug (D:1)
  3 orcs (D:2)
  4 endoplasms
  2 giant cockroaches (D:1)
  5 goblins
  8 hobgoblins
  4 jackals
  A quokka (D:2)
  4 ball pythons
  4 bats
  A frilled lizard (D:1)
  5 kobolds
  2 rats
51 creatures vanquished.

Notes
Turn   | Place    | Note
-------+----------+-------------------------------------------
     0 | D:1      | Gabide the Ogre Gladiator began the quest for the Orb.
     0 | D:1      | Reached XP level 1. HP: 22/22 MP: 1/1
   165 | D:1      | Reached skill level 3 in Fighting
   209 | D:1      | Reached XP level 2. HP: 30/31 MP: 2/2
   695 | D:1      | Reached XP level 3. HP: 28/37 MP: 3/3
  1271 | D:2      | Reached skill level 4 in Fighting
  1355 | D:2      | Reached XP level 4. HP: 48/48 MP: 4/4
  1517 | D:2      | Found a hide-covered altar of Uskayaw.
  1724 | D:2      | Reached XP level 5. HP: 53/55 MP: 5/5
  1748 | D:2      | Slain by a scorpion

Illustrated notes

Levels and vault maps discovered:
D:1:      elethiomel_arrival_infinity_welcomes_careful_drivers,
          layout_loops_corners, st_stairs_1
D:2:      layout_basic, basic_altar

Skill      XL: |  1  2  3 |
---------------+----------+-----
Fighting       | 3 4 |  4.9
Maces & Flails | 3 |  3.9
Dodging        | 3 |  3.3
Throwing       | |  2.0

Action                     |  1- 3 |  4- 6 || total
---------------------------+-------+-------++-------
  Melee: Flail             |    70 |    51 ||   121
  Throw: Throwing net      |     2 |     3 ||     5
         Boomerang         |    27 |     5 ||    32
         Large rock        |       |     2 ||     2
    Use: Scroll            |     3 |       ||     3
         Potion            |       |     1 ||     1
 Armour: Robe              |    24 |    12 ||    36
  Dodge: Dodged            |    38 |    35 ||    73
